Map: Tours du crépuscule

Players

zidar

  • Race: Zerg Zerg
  • League: Gold
  • Spawn Location: 7:00

DoXnie - Winner!

  • Race: Zerg Zerg
  • League: Silver
  • Spawn Location: 1:00

VOD

Have the link to the VOD?

Description

Time

  • Played on: May 16, 2016, 3:19 p.m.
  • Length: 5:46
Show
View Real Time Build Order
Export as new Build Order

zidar Zerg 

Build Orders: Pool First 

Get SALT Encoding   

  12  0:08  Drone x2  
  14  0:17  Overlord  
  14  0:20  Extractor  
  13  0:24  Drone  
  15  0:35  Drone  
  16  0:40  Drone  
  17  0:48  Spawning Pool  
  16  0:51  Drone  
  16  0:55  Extractor  
  16  1:01  Drone  
  17  1:19  Drone  
  17  1:20  Hatchery  
  17  1:31  Drone  
  18  1:36  Queen  
  20  1:44  Overlord  
  20  1:55  Drone  
  20  2:00  Drone  
  20  2:01  Metabolic Boost  
  22  2:12  Queen  
  24  2:29  Zergling x6  
  26  2:45  Roach Warren  
  25  3:00  Lair  
  25  3:07  Extractor, Drone x6  
  30  3:55  Hatchery  
  29  4:11  Hydralisk Den  
  29  4:12  Drone x6  
  29  4:13  Drone x2  
  33  4:35  Evolution Chamber  
  32  4:52  Extractor  
  31  4:55  Extractor  
  31  4:56  Drone x5  
  31  4:57  Drone  
  36  5:00  Overlord x2  
  36  5:01  Overlord  
  36  5:28  Drone x7  
Show
View Real Time Build Order
Export as new Build Order

DoXnie Zerg - Winner!

Build Orders: Hatch First 

Get SALT Encoding   

  12  0:01  Drone  
  13  0:13  Overlord  
  13  0:18  Drone  
  14  0:24  Extractor  
  14  0:25  Drone  
  15  0:32  Drone  
  15  0:35  Drone  
  17  0:55  Hatchery  
  16  1:01  Drone x2  
  18  1:13  Overlord  
  18  1:24  Spawning Pool  
  17  1:27  Extractor, Drone  
  17  1:29  Drone  
  18  1:40  Drone  
  19  1:53  Drone  
  20  2:04  Overlord  
  20  2:11  Zergling x2  
  21  2:16  Drone  
  22  2:24  Roach Warren  
  21  2:34  Evolution Chamber  
  20  2:42  Lair  
  20  2:45  Queen  
  20  2:47  Drone x4  
  20  2:48  Drone  
  27  2:56  Extractor, Drone  
  27  3:08  Drone x2  
  28  3:28  Roach x4  
  36  3:34  Drone x2  
  38  3:42  Queen  
  38  3:44  Overlord  
  38  3:45  Overlord  
  40  3:53  Overseer  
  40  3:56  Overseer  
  40  4:04  Roach x3  
  46  4:28  Roach x3  
  46  4:29  Roach x3  
  58  4:38  Extractor  
  57  4:40  Drone x2  
  59  4:47  Drone  
  59  4:49  Overlord x3  
  60  4:53  Extractor  
  59  5:09  Drone x6  
  65  5:19  Drone  
  65  5:20  Drone x3  
Tags
 
Add a new tag
Caveats
  • Supply blocks, unpowered buildings, or Contaminate may cause inaccurate times.
  • Supply counts are checked every 10 seconds.